 Dungeon Crawl Stone Soup version 0.28.0-43-g3370ac3207 (webtiles) character file.

Game seed: 10231578806081679065

6506 funkygono the Arsonist (level 11, -10/55 HPs)
             Began as a Gargoyle Fire Elementalist on Mar 10, 2022.
             Was a Believer of Vehumet.
             Engulfed by an ice statue's freezing vapour (11 damage)
             ... on level 9 of the Dungeon.
             The game lasted 00:17:24 (10676 turns).

funkygono the Arsonist (GrFE)                      Turns: 10676, Time: 00:17:25

Health: -10/55     AC: 16    Str: 12    XL:     11   Next: 0%
Magic:  18/24      EV: 16    Int: 20    God:    Vehumet [**....]
Gold:   432        SH:  0    Dex: 10    Spells: 16/28 levels left

rFire   . . .      SeeInvis .   t - +3 flail (freeze)
rCold   . . .      Faith    +   (no shield)
rNeg    + . .      Spirit   .   p - +0 steam dragon scales
rPois   ∞          Reflect  .   f - +0 helmet
rElec   +          Harm     .   o - +0 cloak
rCorr   .          Rampage  .   y - +0 pair of gloves
Will    +....                   (no boots)
Stlth   ++........              d - amulet of faith
HPRegen 0.18/turn               j - +4 ring of evasion
MPRegen 0.19/turn               k - ring of willpower

@: no status effects
A: sickness immunity, AC +8, negative energy resistance 1, electricity
resistance, torment resistance 1, petrification resistance
a: Renounce Religion


You were on level 9 of the Dungeon.
You worshipped Vehumet.
Vehumet was pleased with you.
You visited 2 branches of the dungeon, and saw 10 of its levels.

You collected 567 gold pieces.
You spent 135 gold pieces at shops.

Inventory:

Hand Weapons
 h - a +3 flail
 n - a +4 quarterstaff of chaos
 t - a +3 flail of freezing (weapon)
 H - the +7 mace of the Gloaming {antimagic, *Rage +Blink Stlth+}
   (You found it on level 9 of the Dungeon)

   It reduces the magical energy of the wielder, and disrupts the spells and
   magical abilities of those it strikes.
   Natural abilities and divine invocations are not affected.
   +Blink:    It lets you blink.
   *Rage:     It berserks you when you make melee attacks (+20% chance).
   Stlth:     It makes you more stealthy.
Missiles
 c - 213 stones
Armour
 a - a +0 robe
 f - a +0 helmet (worn)
 o - a +0 cloak (worn)
 p - +0 steam dragon scales (worn)
 y - a +0 pair of gloves (worn)
 z - a +0 pair of gloves of hurling
Magical Staves
 G - a staff of earth
Jewellery
 d - an amulet of faith (around neck)
 j - a +4 ring of evasion (left hand)
 k - a ring of willpower (right hand)
 F - a ring of flight
Wands
 b - a wand of paralysis (10)
 r - a wand of digging (3)
 s - a wand of iceblast (7)
 w - a wand of flame (15)
 B - a wand of acid (9)
 D - a wand of mindburst (10)
Scrolls
 u - a scroll of blinking
 C - a scroll of teleportation
 I - a scroll of fog {unknown}
Potions
 e - 5 potions of might
 g - 2 potions of curing
 i - a potion of ambrosia
 l - 3 potions of haste
 q - 3 potions of brilliance
 v - a potion of invisibility
 x - 2 potions of lignification
 A - a potion of mutation {unknown}
 E - a potion of flight {unknown}


   Skills:
 + Level 0.9 Fighting
 + Level 2.8 Maces & Flails
 + Level 3.1 Dodging
 + Level 4.5 Stealth
 + Level 9.3 Spellcasting
 + Level 7.0 Conjurations
 + Level 10.3 Fire Magic


You had 16 spell levels left.
You knew the following spells:

 Your Spells              Type           Power      Damage    Failure   Level
a - Foxfire               Conj/Fire      100%       2x1d9     1%          1
b - Scorch                Fire           100%       2d10      1%          2
c - Conjure Flame         Conj/Fire      44%        6-21      1%          3
d - Flame Wave            Conj/Fire      44%        2d10      1%          4
e - Searing Ray           Conj           74%        2d7       1%          2

Your spell library contained the following spells:

 Spells                   Type           Power      Damage    Failure   Level
 Inner Flame              Hex/Fire       30%        N/A       2%          3
 Blink                    Tloc           18%        N/A       12%         2
 Confusing Touch          Hex            9%         N/A       22%         3
 Lesser Beckoning         Tloc           9%         N/A       22%         3
 Ozocubu's Armour         Ice            9%         N/A       22%         3
 Freezing Cloud           Conj/Ice/Air   9%         6-21      61%         5
 Manifold Assault         Tloc           9%         N/A       91%         5
 Yara's Violent Unravell  Hex/Tmut       4%         3d4       91%         5
 Simulacrum               Ice/Necr       4%         N/A       100%        6
 Enfeeble                 Hex            4%         N/A       100%        7
 Ozocubu's Refrigeration  Ice            4%         4d5       100%        7
 Polar Vortex             Ice            4%         N/A       100%        9


Dungeon Overview and Level Annotations

Branches:
Dungeon (9/15)             Temple (1/1) D:6
   Lair: D:8-11         Orc: D:9-12

Altars:
Cheibriados
Elyvilon
Fedhas
Gozag
Kikubaaqudgha
Makhleb
Nemelex Xobeh
Qazlal
Ru
Sif Muna
Trog
Vehumet
Wu Jian
Xom
Yredelemnul
The Shining One
Lugonu

Shops:
D:2 *   D:6 =

Portals:
Abyss: D:3

Annotations:
D:7 2 transporters, Subbak's ghost, novice DDFi
D:8 2 runed translucent doors
D:9 exclusion: ice statue


Innate Abilities, Weirdness & Mutations

You are immune to sickness and miasma.
Your stone body is resilient. (AC +8)
You are immune to poison.
You resist negative energy. (rN+)
You are resistant to electric shocks. (rElec)
You are resistant to unholy torment.
You are immune to petrification.


Message History

The centaur zombie kicks you but does no damage.
Found 14 gold pieces.
Found a scroll of identify.
The centaur zombie misses you.
The centaur zombie kicks you but does no damage.
The ice statue gestures at you. The freezing blast misses you.
The centaur zombie is engulfed in freezing vapours.
The centaur zombie barely misses you. The centaur zombie closely misses you.
You see here a scroll of identify.
Casting: Foxfire (safe; 1% risk of failure)
Confirm with . or Enter, or press ? or * to list all spells.
Flames lash the ice statue.
The ice statue melts!
The ice statue is moderately damaged.
The ice statue's fire resistance burns away.
You are engulfed in freezing vapours.
* * * LOW HITPOINT WARNING * * *
The centaur zombie is engulfed in freezing vapours.
The centaur zombie hits you but does no damage.
The centaur zombie barely misses you.
You feel much better.
You are engulfed in freezing vapours.
* * * LOW HITPOINT WARNING * * *
The centaur zombie is engulfed in freezing vapours.
The centaur zombie closely misses you. x2
The ice statue gestures at you. The shard of ice misses you.
Casting: Scorch (safe; 1% risk of failure)
Confirm with . or Enter, or press ? or * to list all spells.
Flames lash the centaur zombie.
The centaur zombie is almost destroyed.
The centaur zombie's fire resistance burns away.
You are engulfed in freezing vapours.
* * * LOW HITPOINT WARNING * * *
The centaur zombie is engulfed in freezing vapours.
The centaur zombie hits you but does no damage.
The centaur zombie barely misses you.
Casting: Scorch (safe; 1% risk of failure)
Confirm with . or Enter, or press ? or * to list all spells.
Flames lash the ice statue but do no damage.
You are engulfed in freezing vapours.
You die...

###........?..
#.$..........#
#............#
##............#
#........(...#
#......○.....#
##.....°8○....#
#......°@°....##
#.#....Z☼○......
#.#............#
#!.......(.....#
##.............#
###.#####.#####
#.# .# #.# .#
#.# .#


You could see an ice statue (combustible) and a centaur zombie (combustible).

Vanquished Creatures
  2 kobold demonologists (D:9)
  A hornet (D:8)
  A shadow (D:8)
  2 wyverns (D:8)
  9 yaks
  Eustachio (D:5)
  2 steam dragons
  A water moccasin (D:8)
  Pargi (D:4)
  3 black bears
  An orc warrior (D:6)
  3 ice beasts
  A hornet zombie (D:8)
  A sky beast (D:5)
  4 centaurs
  An ogre (D:6)
  A necrophage (D:6)
  A phantom (D:5)
  A water moccasin zombie (D:5)
  A wyvern zombie (D:8)
  2 scorpions
  A wyvern skeleton (D:7)
  7 killer bees
  3 wights (D:6)
  6 howler monkeys
  2 electric eels (D:8)
  A bullfrog zombie (D:7)
  2 centaur zombies
  2 hounds
  Crazy Yiuf (D:3)
  4 orc priests
  2 jellies
  A bullfrog skeleton (D:5)
  Natasha (thrice) (D:2)
  An iguana (D:5)
  9 orc wizards
  Terence (D:3)
  A killer bee zombie (D:6)
  2 hound zombies (D:5)
  A hound skeleton (D:5)
  A howler monkey zombie (D:6)
  4 gnolls (D:4)
  6 adders
  A howler monkey skeleton (D:7)
  2 white imps
  5 worms
  4 dart slugs
  20 orcs
  6 ball pythons
  3 bats
  8 endoplasms
  2 giant cockroaches
  5 goblins
  8 hobgoblins
  9 kobolds
  3 quokkas
  3 frilled lizards
  10 rats
  5 bushes (D:7)
  2 lurking horrors (D:3)
197 creatures vanquished.

Vanquished Creatures (collateral kills)
  5 foxfires
5 creatures vanquished.

Vanquished Creatures (others)
  781 foxfires
  14 plants
795 creatures vanquished.

Grand Total: 997 creatures vanquished

Notes
Turn   | Place    | Note
-------+----------+-------------------------------------------
     0 | D:1      | funkygono the Gargoyle Fire Elementalist began the quest
                  | for the Orb.
     0 | D:1      | Reached XP level 1. HP: 10/10 MP: 3/3
   138 | D:1      | Reached XP level 2. HP: 15/15 MP: 3/5
   291 | D:1      | Found a faded altar of an unknown god.
   419 | D:1      | Reached XP level 3. HP: 19/19 MP: 2/6
   422 | D:1      | Learned a level 2 spell: Scorch
   426 | D:1      | Learned a level 3 spell: Conjure Flame
  1085 | D:2      | Reached skill level 4 in Fire Magic
  1116 | D:2      | Noticed Natasha
  1121 | D:2      | Killed Natasha
  1122 | D:2      | Reached XP level 4. HP: 24/24 MP: 1/7
  1214 | D:2      | Noticed Natasha
  1220 | D:2      | Killed Natasha
  1417 | D:2      | Found a white marble altar of Elyvilon.
  1422 | D:2      | Found Wyqije's Assorted Antiques.
  1598 | D:2      | Noticed Natasha
  1603 | D:2      | Killed Natasha
  1604 | D:2      | Reached XP level 5. HP: 28/28 MP: 3/9
  1883 | D:3      | Noticed Terence
  1899 | D:3      | Killed Terence
  1977 | D:3      | Found a glowing golden altar of the Shining One.
  2036 | D:3      | Found a one-way gate to the infinite horrors of the Abyss.
  2036 | D:3      | Found a corrupted altar of Lugonu.
  2240 | D:3      | Found a runed translucent door.
  2241 | D:3      | Noticed Crazy Yiuf
  2983 | D:3      | Noticed a moth of wrath
  2989 | D:3      | Found a bloodstained altar of Trog.
  3404 | D:3      | Killed Crazy Yiuf
  3405 | D:3      | Reached XP level 6. HP: 32/32 MP: 6/11
  3508 | D:4      | Noticed Pargi
  3518 | D:4      | Killed Pargi
  3649 | D:4      | Learned a level 4 spell: Flame Wave
  3663 | D:4      | Reached skill level 5 in Fire Magic
  3913 | D:4      | Reached XP level 7. HP: 37/37 MP: 13/13
  4178 | D:4      | Reached skill level 1 in Maces & Flails
  4852 | D:5      | Entered Level 5 of the Dungeon
  4872 | D:5      | Reached skill level 5 in Spellcasting
  4940 | D:5      | Noticed a steam dragon
  4949 | D:5      | Killed a steam dragon
  4950 | D:5      | Reached XP level 8. HP: 42/42 MP: 4/15
  5125 | D:5      | Reached skill level 6 in Fire Magic
  5550 | D:5      | Noticed Eustachio
  5632 | D:5      | Killed Eustachio
  6606 | D:6      | Reached skill level 7 in Fire Magic
  6606 | D:6      | Reached XP level 9. HP: 46/46 MP: 13/18
  6644 | D:6      | Found a staircase to the Ecumenical Temple.
  6663 | Temple   | Entered the Ecumenical Temple
  6719 | Temple   | Became a worshipper of Vehumet
  6957 | D:6      | Reached skill level 5 in Conjurations
  7383 | D:6      | Found Eniremn's One-of-a-Kind Rings.
  7790 | D:6      | Reached skill level 8 in Fire Magic
  7872 | D:2      | Bought a pair of glowing gloves for 135 gold pieces
  8123 | D:7      | Noticed Subbak's ghost (novice DDFi)
  8123 | D:7      | Noticed a troll
  8125 | D:7      | Found a transporter.
  8126 | D:7      | Noticed a komodo dragon
  8131 | D:7      | Found a transporter.
  8386 | D:7      | Reached * piety under Vehumet
  8386 | D:7      | Offered knowledge of Freeze by Vehumet.
  8444 | D:7      | Found a white marble altar of Elyvilon.
  8634 | D:7      | Reached XP level 10. HP: 51/51 MP: 17/21
  9015 | D:8      | Reached skill level 9 in Fire Magic
  9549 | D:8      | Found a basalt altar of Yredelemnul.
  9768 | D:8      | Found a large runed translucent door.
  9768 | D:8      | Found a large runed translucent door.
  9870 | D:8      | Reached ** piety under Vehumet
  9870 | D:8      | Offered knowledge of Searing Ray by Vehumet.
 10112 | D:8      | Learned a level 2 spell: Searing Ray
 10243 | D:9      | Identified the +7 mace of the Gloaming {antimagic, *Rage
                  | +Blink Stlth+}
 10291 | D:9      | Found a sparkling altar of Nemelex Xobeh.
 10331 | D:9      | Found a stormy altar of Qazlal.
 10443 | D:9      | Reached skill level 10 in Fire Magic
 10446 | D:9      | Noticed a kobold demonologist
 10462 | D:9      | Killed a kobold demonologist
 10462 | D:9      | Noticed a kobold demonologist
 10577 | D:9      | Noticed a smoke demon
 10580 | D:9      | Killed a kobold demonologist
 10581 | D:9      | Reached XP level 11. HP: 51/55 MP: 12/24
 10673 | D:9      | HP: 2/55 [ice statue] (11)]
 10676 | D:9      | Engulfed by an ice statue's freezing vapour

Illustrated notes

Levels and vault maps discovered:
D:1:      eino_arrival_tree_alley, layout_rooms,
          chequers_ecumenical_altar_simple_redux, serial_bayou,
          serial_bayou_pond_a, serial_bayou_shore_a, serial_bayou_pond_b,
          serial_bayou_ford_a, minmay_pentomino_q2
D:2:      layout_loops_ring, serial_shops, shop, basic_altar, uniq_natasha
D:3:      layout_basic, tgw_trog, mainiacjoe_overflow_catwalk,
          hangedman_decor_push, chequers_avenue,
          amcnicky_altar_lugonu_corruption, uniq_crazy_yiuf_cottage,
          uniq_terence
D:4:      layout_basic, minmay_stone_trees_small, uniq_pargi
D:5:      layout_cave_pods, uniq_eustachio
D:6:      layout_basic, minmay_temple_entry_arrows, st_stairs_9,
          minmay_misc_feat_secret_circle, nicolae_shop_unique_rings
D:7:      layout_basic, nicolae_elyvilon_peaceful_grove, gammafunk_ghost_arena
D:8:      layout_cave_pools, kennysheep_little_box, jmf_multi_god_temple2,
          serial_bayou, serial_bayou_pond_d, serial_bayou_shore_b,
          serial_bayou_pond_d, serial_bayou_pond_c, kennysheep_generic_room_8
D:9:      layout_loops_ring, nemelex_diamond_rough_becter,
          general_overflow_altar, mainiacjoe_overflow_small_starburst,
          serial_shops, nicolae_shop_bloodbath_and_beyond, minivault_16
Temple:   jpeg_temple_alley_garden

Skill      XL: |  1  2  3  4  5  6  7  8  9 10 |
---------------+-------------------------------+-----
Fire Magic     | 4 5 7 8 10 | 10.3
Conjurations   | 2 3 4 5 7 |  7.0
Spellcasting   | 3 4 5 6 7 9 |  9.3
Maces & Flails | 2 |  2.8
Dodging        | 2 3 |  3.1
Stealth        | 3 4 |  4.5
Fighting       | |  0.9

Action                   |  1- 3 |  4- 6 |  7- 9 | 10-12 || total
-------------------------+-------+-------+-------+-------++-------
Melee: Club              |     8 |       |       |       ||     8
       Flail             |       |    14 |    35 |     8 ||    57
       Punch             |       |       |     2 |       ||     2
 Cast: Foxfire           |    52 |   102 |   216 |    93 ||   463
       Scorch            |       |    11 |    46 |    21 ||    78
       Flame Wave        |       |       |     2 |     7 ||     9
  Use: Scroll            |       |     6 |     4 |     6 ||    16
       Potion            |       |       |       |     1 ||     1
Armor: Robe              |     6 |    10 |     8 |       ||    24
       Steam dragon scal |       |       |    32 |    37 ||    69
Dodge: Dodged            |     5 |    14 |   110 |    75 ||   204
